 Dungeon Crawl Stone Soup version 0.28.0 (webtiles) character file.

Game seed: 3029748007328325348

103 willcat the Sneak (level 5, -1/32 HPs)
             Began as a Kobold Delver on Feb 5, 2022.
             Slain by a mummy (11 damage)
             ... in an ossuary.
             The game lasted 00:00:39 (641 turns).

willcat the Sneak (Kobold Delver)                    Turns: 641, Time: 00:00:39

Health: -1/32      AC:  3    Str:  9    XL:     5   Next: 6%
Magic:  5/5        EV: 15    Int: 11    God:
Gold:   0          SH:  5    Dex: 19    Spells: 4/4 levels left

rFire   . . .      SeeInvis .   a - +0 short sword
rCold   . . .      Faith    .   l - +0 buckler
rNeg    . . .      Spirit   .   b - +0 leather armour
rPois   .          Reflect  .   (no helmet)
rElec   .          Harm     .   (no cloak)
rCorr   .          Rampage  .   (no gloves)
Will    .....                   (no boots)
Stlth   +++++.....              (no amulet)
HPRegen 0.10/turn               (no ring)
MPRegen 0.09/turn               (no ring)

@: attractive
A: small, no large weapons, nightstalker 3
a: no special abilities


You were in an ossuary.
You visited 1 branch of the dungeon, and saw 2 of its levels.
You also visited: Ossuary.

Inventory:

Hand Weapons
 a - a +0 short sword (weapon)
Armour
 b - a +0 leather armour (worn)
 l - a +0 buckler (worn)
 m - a +0 ring mail of fire resistance
Wands
 g - a wand of digging (3)
Scrolls
 c - 2 scrolls of fog
 d - a scroll of magic mapping
 e - a scroll of fear
 i - 2 scrolls of identify {unknown}
 k - a scroll of teleportation {unknown}
Potions
 f - a potion of haste
 j - a potion of curing {unknown}


   Skills:
 - Level 3.2 Fighting
 + Level 4.2 Short Blades
 + Level 3.8 Dodging
 + Level 7.5 Stealth
 + Level 0.3 Shields


You had 4 spell levels left.
You didn't know any spells.
Your spell library was empty.

Dungeon Overview and Level Annotations

Branches:
Dungeon (5/15)            Ossuary (1/1)
 Temple: D:4-7

Altars:


Innate Abilities, Weirdness & Mutations

You are small and have problems with some larger weapons.
You are completely attuned to the shadows.


Message History

You barely miss the bullfrog zombie.
The bullfrog zombie is almost destroyed.
The bullfrog zombie barely misses you.
You hit the bullfrog zombie.
The bullfrog zombie is almost destroyed.
You block the bullfrog zombie's attack.
The bullfrog zombie completely misses you.
You hit the bullfrog zombie.
You destroy the bullfrog zombie!
You have reached level 5!
You feel agile.
You start resting.
A bullfrog zombie comes into view.
The bullfrog zombie moves out of view.
You start resting.
A bullfrog zombie is nearby!
There is an empty arch of ancient stone here.
You close the door.
You start resting.
Something unseen opens the door.
A mummy and a bog mummy come into view.
You hit the mummy.
The mummy is lightly damaged.
Okay, then.
It was a potion of attraction.
You feel attractive to monsters. The mummy closely misses you.
You hit the mummy.
The mummy is moderately damaged.
You hit the mummy.
The mummy is heavily damaged.
The bog mummy is attracted toward you.
You hit the bog mummy.
The bog mummy is lightly damaged.
The bog mummy points at you and mumbles some strange words.
The puff of frost hits you!
You barely miss the bog mummy.
The bog mummy is lightly damaged.
The mummy hits you!
You die...

##### #∩..#
###.∩.# ≈≈
#.#M@.#≈≈P
#'##'##M##.##
.≈≈≈..§..≈≈≈.
.≈≈#.≈≈#.≈.≈#
M≈ #.#.≈P≈P#≈
# ##≈≈###≈≈#
#≈## #≈# #≈
≈# ##


You could see a mummy and a bog mummy.

Vanquished Creatures
  A water moccasin skeleton (D:5)
  A bullfrog zombie (Ossuary)
  An iguana (D:5)
3 creatures vanquished.

Vanquished Creatures (others)
  13 plants (D:5)
  5 withered plants (Ossuary)
18 creatures vanquished.

Grand Total: 21 creatures vanquished

Notes
Turn   | Place    | Note
-------+----------+-------------------------------------------
     0 | D:5      | willcat the Kobold Delver began the quest for the Orb.
     0 | D:5      | Reached XP level 1. HP: 14/14 MP: 1/1
     2 | D:5      | Noticed an iguana
     6 | D:5      | Killed an iguana
     7 | D:5      | Reached skill level 7 in Stealth
     7 | D:5      | Reached XP level 2. HP: 19/19 MP: 2/2
     7 | D:5      | Reached XP level 3. HP: 23/23 MP: 3/3
   447 | D:5      | Reached XP level 4. HP: 27/28 MP: 4/4
   483 | D:5      | Found a sand-covered staircase.
   518 | Ossuary  | Entered an ossuary
   548 | Ossuary  | Reached XP level 5. HP: 10/32 MP: 5/5
   641 | Ossuary  | Slain by a mummy

Illustrated notes

Levels and vault maps discovered:
D:4:      layout_cave_pools, minmay_temple_entry_junction_2
D:5:      layout_loops_ring, serial_bayou, serial_bayou_lagoon_a,
          serial_bayou_pond_b, serial_bayou_ford_a, serial_bayou_pond_b,
          serial_shops, nicolae_lakefront_shop, enter_ossuary_3,
          grunt_ministairs_14, kennysheep_generic_room_10, uniq_pikel
Ossuary:  ossuary_zaba_flooded

Skill      XL: |  1  2  3 |
---------------+----------+-----
Short Blades   | 3 4 |  4.2
Dodging        | 3 |  3.8
Stealth        | 7 |  7.5
Fighting       | |  3.2
Shields        | |  0.3

Action                   |  1- 3 |  4- 6 || total
-------------------------+-------+-------++-------
Melee: Short sword       |    22 |    20 ||    42
  Use: Potion            |       |     1 ||     1
 Stab: Sleeping          |     1 |       ||     1
Armor: Leather armour    |     5 |     2 ||     7
Dodge: Dodged            |    16 |    10 ||    26
Block: Buckler           |       |     3 ||     3
